 Dungeon Crawl Stone Soup version 0.27.1 (webtiles) character file.

Game seed: 6725628601636622847

442 Brecoman the Gusty (level 6, -2/47 HPs)
             Began as a Demonspawn Air Elementalist on Aug 24, 2021.
             Was an Initiate of Yredelemnul.
             Succumbed to a hornet's poison
             ... on level 4 of the Dungeon.
             The game lasted 00:17:16 (5270 turns).

Brecoman the Gusty (Demonspawn Air Elementalist)    Turns: 5270, Time: 00:17:17

Health: -2/47      AC:  5    Str:  8    XL:     6   Next: 71%
Magic:  10/11      EV: 12    Int: 25    God:    Yredelemnul [......]
Gold:   113        SH:  0    Dex: 13    Spells: 5/11 levels left

rFire    . . .     SeeInvis .   e - +0 dagger (venom)
rCold    . . .     Faith    .   (no shield)
rNeg     . . .     Spirit   .   a - +0 robe
rPois    .         Reflect  .   m - +0 helmet
rElec    .         Harm     .   (no cloak)
rCorr    .         Rampage  .   (no gloves)
Will     .....                  (no boots)
Stlth    ++........             o - amulet of regeneration
HPRegen  1.15/turn              h - +6 ring of intelligence
MPRegen  0.12/turn              (no ring)

@: lethally poisoned (-2 -> -5), slowed, very slow
A: thin metallic scales 1, foul stench 1
a: Renounce Religion


You were on level 4 of the Dungeon.
You worshipped Yredelemnul.
Yredelemnul was noncommittal.
You visited 1 branch of the dungeon, and saw 4 of its levels.

You collected 113 gold pieces.

Inventory:

Hand Weapons
 e - a +0 dagger of venom (weapon)
Armour
 a - a +0 robe (worn)
 m - a +0 helmet (worn)
Jewellery
 h - a +6 ring of intelligence (left hand)
 o - an amulet of regeneration (around neck)
Wands
 q - a wand of flame (18)
Scrolls
 c - 3 scrolls of identify {unknown}
 d - a scroll of vulnerability {unknown}
 j - a scroll of enchant weapon {unknown}
 k - 2 scrolls of teleportation {unknown}
 l - a scroll of magic mapping {unknown}
 n - a scroll of fear {unknown}
 r - a scroll of fog {unknown}
Potions
 b - a potion of invisibility {unknown}
 f - 2 potions of heal wounds {unknown}
 g - a potion of might {unknown}
 i - a potion of curing {unknown}
 p - 2 potions of brilliance {unknown}


   Skills:
 + Level 3.1 Fighting
 - Level 1.7 Dodging
 - Level 1.7 Stealth
 + Level 3.4 Spellcasting
 + Level 3.2 Conjurations
 + Level 4.0 Air Magic
 + Level 3.1 Invocations


You had 5 spell levels left.
You knew the following spells:

 Your Spells              Type           Power      Damage    Failure   Level
a - Shock                 Conj/Air       88%        1d8       2%          1
b - Static Discharge      Conj/Air       22%        N/A       3%          2
c - Swiftness             Air            24%        N/A       5%          3

Your spell library contained the following spells:

 Spells                   Type           Power      Damage    Failure   Level
 Airstrike                Air            12%        N/A       19%         4


Dungeon Overview and Level Annotations

Branches:
Dungeon (4/15)
 Temple: D:4-7

Altars:
Qazlal
Yredelemnul

Shops:
D:3 [


Innate Abilities, Weirdness & Mutations

You are partially covered in thin metallic scales. (AC +2)
You may rarely emit foul miasma when damaged in melee.


Message History

Press: ? - help, Shift-Dir - straight line The zap hits the killer bee.
The killer bee is heavily wounded.
The zap misses the killer bee.
The killer bee closely misses you. x2
Casting: Shock (safe; 2% risk of failure)
Confirm with . or Enter, or press ? or * to list all spells.
Aiming: Shock (safe; 2% risk of failure)
Press: ? - help, Shift-Dir - straight line The zap misses the killer bee.
The zap hits the killer bee!
The killer bee is almost dead.
You kill the killer bee!
Yredelemnul accepts your kill. The hornet closely misses you.
Your Air Magic skill increases to level 4!
Your Invocations skill increases to level 3!
Okay, then.
You hit the hornet but do no damage. The hornet stings you.
You are poisoned.
You feel yourself slow down.
You miss the hornet.
You feel very sick.
The hornet stings you but does no damage.
The hornet stings you!
You suddenly lose the ability to move!
The hornet stings you!
You are more poisoned.
You feel as though you will be slow longer.
You emit a cloud of foul miasma!
You feel very sick.
The hornet is engulfed in dark miasma.
The hornet is poisoned.
The hornet seems to slow down.
The hornet stings you!
* * * LOW HITPOINT WARNING * * *
You feel as though you will be slow longer.
You can move again.
Okay, then.
Unknown command.
* * * LOW HITPOINT WARNING * * *
You feel very sick. The hornet closely misses you.
You die...
Your body rises from the dead as a mindless zombie.

###########
#.........#
#.........###.
#.............
#.....<.......
#..........##.
#........[##
##.########
#..#@#y#
#.###.#...#
#..#.####.#
#.###.# #
#..#.## #.#.##
#.### #.. ##.


There were no monsters in sight!

Vanquished Creatures
  Grinder (D:3)
  A killer bee (D:4)
  Natasha (thrice) (D:3)
  A hound skeleton (D:4)
  4 adders
  2 worms (D:3)
  2 dart slugs (D:1)
  4 orcs (D:3)
  7 endoplasms
  2 giant cockroaches (D:1)
  6 goblins
  5 hobgoblins
  A quokka (D:1)
  5 bats
  7 frilled lizards
  5 kobolds
  4 rats
60 creatures vanquished.

Notes
Turn   | Place    | Note
-------+----------+-------------------------------------------
     0 | D:1      | Brecoman the Demonspawn Air Elementalist began the quest
                  | for the Orb.
     0 | D:1      | Reached XP level 1. HP: 13/13 MP: 3/3
   359 | D:1      | Gained mutation: You may rarely emit foul miasma when
                  | damaged in melee. [demonic ancestry]
   359 | D:1      | Reached XP level 2. HP: 20/20 MP: 1/5
   428 | D:1      | Found a faded altar of an unknown god.
   877 | D:1      | Reached skill level 1 in Fighting
  1092 | D:1      | Reached skill level 3 in Air Magic
  1265 | D:2      | Reached XP level 3. HP: 26/26 MP: 4/6
  1440 | D:2      | Noticed a black bear
  2110 | D:2      | You fall into a shaft and drop 2 floors!
  2137 | D:3      | Noticed Natasha
  2421 | D:2      | Found a basalt altar of Yredelemnul.
  2429 | D:2      | Became a worshipper of Yredelemnul the Dark
  3198 | D:3      | Reached XP level 4. HP: 33/33 MP: 3/7
  3288 | D:3      | Found Plog's Antique Armour Boutique.
  3406 | D:3      | Found a stormy altar of Qazlal.
  3460 | D:3      | Noticed Grinder
  3762 | D:3      | Paralysed by Grinder for 2 turns
  3770 | D:3      | Paralysed by Grinder for 5 turns
  3775 | D:3      | Killed Grinder
  3776 | D:3      | Reached XP level 5. HP: 25/39 MP: 0/9
  3776 | D:3      | Gained mutation: You are partially covered in thin metallic
                  | scales. (AC +2) [demonic ancestry]
  3776 | D:3      | Reached XP level 6. HP: 30/46 MP: 0/10
  4332 | D:3      | Killed Natasha
  4582 | D:3      | Found Plog's Antique Armour Boutique.
  4745 | D:3      | Noticed Natasha
  4756 | D:3      | Killed Natasha
  4783 | D:3      | Found a stormy altar of Qazlal.
  5079 | D:3      | Noticed Natasha
  5092 | D:3      | Killed Natasha
  5249 | D:4      | Learned a level 2 spell: Static Discharge
  5253 | D:4      | Learned a level 3 spell: Swiftness
  5263 | D:4      | Noticed a hornet
  5266 | D:4      | Reached skill level 4 in Air Magic
  5267 | D:4      | Paralysed by a hornet for 2 turns
  5269 | D:4      | HP: 1/47 [poisoned by a hornet]
  5270 | D:4      | Succumbed to a hornet's poison

Illustrated notes

Levels and vault maps discovered:
D:1:      ebering_hopf_link, layout_basic, hellmonk_ecumenical_altar_lost_god
D:2:      layout_basic, basic_altar, minmay_stone_trees_small,
          minmay_pentomino_o2
D:3:      layout_loops_corners, mainiacjoe_overflow_brackets, serial_shops,
          shop, kennysheep_generic_room_8, uniq_natasha, uniq_grinder
D:4:      layout_rooms, mainiacjoe_overflow_chevrons,
          gammafunk_temple_overflow_pools, serial_rivers,
          chequers_serial_rivers_micro_c, chequers_serial_rivers_micro_d,
          chequers_serial_rivers_micro_a, chequers_serial_rivers_large_a,
          chequers_serial_rivers_micro_e, chequers_serial_rivers_micro_a,
          minmay_small_thing, uniq_pikel, uniq_menkaure

Skill      XL: |  1  2  3  4  5  6 |
---------------+-------------------+-----
Fighting       | 1 2 3 |  3.1
Air Magic      | 3 4 |  4.0
Conjurations   | 2 3 |  3.2
Spellcasting   | 3 |  3.4
Invocations    | 2 3 |  3.1
Dodging        | |  1.7
Stealth        | |  1.7

Action                   |  1- 3 |  4- 6 || total
-------------------------+-------+-------++-------
Melee: Dagger            |    51 |    28 ||    79
 Cast: Shock             |    54 |    43 ||    97
 Stab: Sleeping          |     2 |     2 ||     4
Armor: Robe              |    20 |     6 ||    26
Dodge: Dodged            |    49 |    25 ||    74
